 Dungeon Crawl Stone Soup version 0.31-a0-1338-gb567cfdca4 (webtiles) character file.

Game seed: 6363275928833369341

174 Sabo the Chopper (level 5, -2/42 HPs)
             Began as a Demonspawn Monk on Dec 23, 2023.
             Slain by an orc
             ... wielding a +0 trident
              (6 damage)
             ... on level 3 of the Dungeon.
             The game lasted 00:10:05 (1882 turns).

Sabo the Chopper (Demonspawn Monk)                  Turns: 1882, Time: 00:10:06

Health: -2/42      AC: 12    Str: 13    XL:     5   Next: 28%
Magic:  5/5        EV: 10    Int: 11    God:
Gold:   112        SH:  0    Dex: 15    Spells: 4/4 levels left

rFire   . . .        s - +0 war axe
rCold   . . .        d - orb {light}
rNeg    . . .        r - +0 scale mail
rPois   .            n - +0 helmet
rElec   .            m - +1 cloak
rCorr   .            (no gloves)
SInv    .            (no boots)
Will    .....        (no amulet) Stlth
                     (no ring)
HPRegen 0.27/turn    (no ring)
MPRegen 0.18/turn

%: no passive effects
@: glowing
A: yellow scales 2, powered by pain 1, magic regeneration
a: no special abilities


You were on level 3 of the Dungeon.
You visited 1 branch of the dungeon, and saw 3 of its levels.

You collected 112 gold pieces.

Inventory:

Hand Weapons
 s - a +0 war axe (weapon)
Missiles
 g - 4 curare-tipped darts
 j - 2 silver javelins
Armour
 d - an orb of light (worn)
 m - a +1 cloak (worn)
 n - a +0 helmet (worn)
 r - a +0 scale mail (worn)
Talismans
 h - a blade talisman
Scrolls
 a - 2 scrolls of identify {unknown}
 b - a scroll of vulnerability {unknown}
 e - a scroll of teleportation
 f - a scroll of poison {unknown}
 i - a scroll of enchant armour {unknown}
 o - a scroll of noise {unknown}
Potions
 c - a potion of ambrosia
 k - a potion of mutation {unknown}
 l - a potion of resistance {unknown}
 p - a potion of heal wounds {unknown}
 q - a potion of attraction {unknown}


   Skills:
 + Level 3.8 Fighting
 + Level 4.2 Axes
 + Level 0.9 Armour
 + Level 3.5 Dodging
 + Level 0.2 Stealth


You had 4 spell levels left.
You didn't know any spells.
Your spell library contained the following spells:

 Spells                   Type           Power      Damage    Failure   Level
 Apportation              Tloc           0%         N/A       86%         1
 Blink                    Tloc           0%         N/A       95%         2
 Jinxbite                 Hex            0%         N/A       95%         2
 Lesser Beckoning         Tloc           0%         N/A       95%         2
 Momentum Strike          Conj/Tloc      0%         3d8       95%         2
 Frozen Ramparts          Ice            0%         1d1       99%         3
 Gell's Gravitas          Tloc           0%         N/A       99%         3
 Teleport Other           Tloc           0%         N/A       99%         3
 Leda's Liquefaction      Alch/Erth      0%         N/A       100%        4
 Petrify                  Alch/Erth      0%         N/A       100%        4
 Alistair's Intoxication  Alch           0%         N/A       100%        5
 Metabolic Englaciation   Hex/Ice        0%         N/A       100%        5


Dungeon Overview and Level Annotations

Branches:
Dungeon (3/15)

Altars:
Gozag


Innate Abilities, Weirdness & Mutations

You are mostly covered in yellow scales. (AC +3)
You sometimes gain a little power by taking damage.
You regenerate magic rapidly.


Message History

You barely miss the orc wizard.
You feel very sick. The orc barely misses you.
The orc wizard hits you but does no damage. x2
The orc closely misses you.
The orc wizard gestures at you while chanting.
You resist with some effort.
The orc wizard hits you with a +0 dagger.
You hit the orc wizard.
The orc wizard is severely wounded.
You completely miss the orc wizard.
You feel sick. The orc closely misses you. The orc wizard casts a spell at you.
The magic dart hits you but does no damage.
The orc wizard casts a spell at you.
You are confused.
You're too confused to move!
You feel sick. The orc hits you but does no damage.
The orc wizard hits you but does no damage. x2
You feel sick.
The orc wizard hits you with a +1 dagger of venom.
* * * LOW HITPOINT WARNING * * *
You hit the orc wizard.
You kill the orc wizard!
You hit the orc wizard.
You kill the orc wizard!
You feel sick.
Your Axes skill increases to level 4!
You have reached level 5!
Your demonic ancestry asserts itself...
Yellow scales spread over more of your body.
You bump into the rock wall.
You feel sick. The orc barely misses you.
You feel sick.
You are no longer poisoned.
The orc barely misses you.
Things that are here:
a +1 dagger of venom; a +0 robe; an orc corpse You bump into the rock wall.
You feel less confused.
The orc hits you from afar with a +0 trident.
You die...

### #.# #.##...# #..
..# #......) #.# ###
#....... #.# ##......
#### #.# ###...# ..#
#.# #...# #.# #o# ##.##
##.#####)############.#
#......@.#............#
#..#######.############
#..# #.# #..# #.#
#..#######.#
#..........#
#.########## #.# #.#


You could see an orc.

Vanquished Creatures
  Jessica (D:2)
  2 orc wizards (D:3)
  Robin (D:2)
  3 adders
  A worm (D:2)
  An orc (D:3)
  4 ball pythons
  4 endoplasms
  3 giant cockroaches
  9 hobgoblins
  2 quokkas (D:1)
  5 bats
  3 frilled lizards
  8 goblins
  4 kobolds
  7 rats
58 creatures vanquished.

Notes
Turn   | Place    | Note
-------+----------+-------------------------------------------
     0 | D:1      | Sabo the Demonspawn Monk began the quest for the Orb.
     0 | D:1      | Reached XP level 1. HP: 18/18 MP: 1/1
   307 | D:1      | Gained mutation: You sometimes gain a little power by
                  | taking damage. [demonic ancestry]
   307 | D:1      | Reached XP level 2. HP: 15/24 MP: 2/2
   921 | D:2      | Reached skill level 3 in Axes
   939 | D:2      | Gained mutation: You are partially covered in yellow
                  | scales. (AC +2) [demonic ancestry]
   939 | D:2      | Reached XP level 3. HP: 19/29 MP: 3/3
  1066 | D:2      | Found an opulent altar of Gozag.
  1070 | D:2      | Noticed Robin
  1088 | D:2      | Killed Robin
  1268 | D:2      | Noticed Jessica
  1284 | D:2      | Killed Jessica
  1285 | D:2      | Gained mutation: You regenerate magic rapidly. [demonic
                  | ancestry]
  1285 | D:2      | Reached XP level 4. HP: 34/35 MP: 4/4
  1880 | D:3      | Reached skill level 4 in Axes
  1880 | D:3      | Gained mutation: You are mostly covered in yellow scales.
                  | (AC +3) [demonic ancestry]
  1880 | D:3      | Reached XP level 5. HP: 6/42 MP: 5/5
  1882 | D:3      | Slain by an orc

Illustrated notes

Levels and vault maps discovered:
D:1:      sevenhm_arrival_forest_fort_small_3, layout_rooms,
          grunt_decor_mini_mirrors, minmay_misc_feat_plants
D:2:      layout_loops_ring, basic_altar, uniq_jessica, uniq_robin
D:3:      layout_loops_ring

Skill      XL: |  1  2  3  4 |
---------------+-------------+-----
Dodging        | 3 |  3.5
Axes           | 3 4 |  4.2
Fighting       | |  3.8
Armour         | |  0.9
Stealth        | |  0.2

Action                     |  1- 3 |  4- 6 || total
---------------------------+-------+-------++-------
  Melee: Hand axe          |   109 |    45 ||   154
         War axe           |       |     9 ||     9
    Use: Scroll            |     1 |       ||     1
 Armour: Robe              |    30 |       ||    30
         Ring mail         |    60 |    18 ||    78
         Scale mail        |       |    30 ||    30
  Dodge: Dodged            |    88 |    29 ||   117

Table legend: (Time is in decaauts)
 A = Elapsed time spent in this place.
 B = Non-inter-level travel time spent in this place.
 C = Inter-level travel time spent in this place.
 D = Time resting spent in this place.
 E = Time spent auto-exploring this place.
 F = Levels seen in this place.
 G = Mean time per level.
                   A        B        C        D        E       F      G
               +--------+--------+--------+--------+--------+-----+--------+
         Total |   1904 |   1904 |      0 |    265 |      0 |   3 |  634.7 |
       Dungeon |   1904 |   1904 |      0 |    265 |      0 |   3 |  634.7 |
               +--------+--------+--------+--------+--------+-----+--------+

Top non-repeatable levels by time:
     D:1: 900 daAuts
     D:2: 766 daAuts
     D:3: 237 daAuts
